 Dungeon Crawl Stone Soup version 0.19-a0-1670-gc28a5d9 (webtiles) character file.

103 Amnesiac the Slasher (level 5, 0/54 HPs)
             Began as a Halfling Berserker on Sept 21, 2016.
             Was a Believer of Trog.
             Slain by a gnoll
             ... wielding a +0 spear
              (8 damage)
             ... on level 2 of the Dungeon.
             The game lasted 00:02:54 (1754 turns).

Amnesiac the Slasher (Halfling Berserker)           Turns: 1754, Time: 00:02:55

Health: 0/54       AC:  2    Str: 25    XL:     5   Next: 6%
Magic:  5/5        EV: 15    Int:  5    God:    Trog [**....]
Gold:   77         SH:  0    Dex: 15    Spells: 0 memorised, 4 levels left

rFire  . . .     SeeInvis .     a - +0 falchion
rCold  . . .     Gourm    .     b - +0 animal skin
rNeg   . . .     Faith    .     (shield restricted)
rPois  .         Spirit   .     (no helmet)
rElec  .         Dismiss  .     (no cloak)
rCorr  .         Reflect  .     (no gloves)
MR     .....     Harm     .     (no boots)
Stlth  ..........               (no amulet)
                                (no ring)
                                l - +2 ring of strength

@: berserking, very quick
A: mutation resistance 1
a: Berserk, Trog's Hand, Burn Spellbooks, Renounce Religion


You were on level 2 of the Dungeon.
You worshipped Trog.
Trog was pleased with you.
You were not hungry.

You visited 1 branch of the dungeon, and saw 2 of its levels.

You collected 77 gold pieces.

Inventory:

Hand Weapons
 a - a +0 falchion (weapon)
Missiles
 f - 18 poisoned needles
Armour
 b - a +0 animal skin (worn)
Jewellery
 l - a +2 ring of strength (left hand)
Scrolls
 e - a scroll of identify {unknown}
 g - 2 scrolls of enchant weapon {unknown}
 j - a scroll of remove curse {unknown}
Potions
 d - 2 potions of heal wounds {unknown}
 k - a potion of lignification {unknown}
 m - a potion of brilliance {unknown}
Comestibles
 c - a bread ration
 h - 6 chunks of flesh
 i - a beef jerky


   Skills:
 + Level 3.1 Fighting
 * Level 4.5 Long Blades
 + Level 2.6 Armour
 + Level 2.9 Dodging


You had 4 spell levels left.
You didn't know any spells.

Dungeon Overview and Level Annotations

Branches:
Dungeon (2/15)

Altars:


Innate Abilities, Weirdness & Mutations

You are small and have problems with some larger weapons.
You are somewhat resistant to further mutation.


Message History

The gnoll hits you with a spear.
* * * LOW HITPOINT WARNING * * *
You slash the gnoll!
The gnoll is almost dead.
The gnoll misses you.
You riposte.
You slash the gnoll!
The gnoll is heavily wounded.
The gnoll hits you from afar with a spear.
* * * LOW HITPOINT WARNING * * *
The gnoll barely misses you.
You barely miss the gnoll.
The gnoll is almost dead.
The gnoll misses you.
Unknown command.
You slash the gnoll!
You kill the gnoll!
Trog accepts your kill.
You have reached level 5!
You feel agile.
The gnoll hits you from afar with a spear!
You die...

### ### .. ##.## #g
#####...##
#)######........###
#g@......###...##..
#..####..####.###.#
#.........###.###.#
##.####........)...
#.# ##.########..
#.# #.# #.. #.# #.#
#.. #.# #.# #.. #.l
#.# #..


You could see 2 gnolls.

Vanquished Creatures
  4 adders (D:2)
  A gnoll (D:2)
  An ooze (D:1)
  2 dart slugs (D:1)
  A worm (D:2)
  3 leopard geckos
  4 bats
  A giant cockroach (D:2)
  4 goblins
  5 hobgoblins
  4 jackals (D:1)
  A quokka (D:2)
  A ball python (D:1)
  5 frilled lizards
  3 kobolds (D:1)
  5 rats
45 creatures vanquished.

Notes
Turn   | Place    | Note
-------+----------+-------------------------------------------
     0 | D:1      | Amnesiac the Halfling Berserker began the quest for the Orb.
     0 | D:1      | Reached XP level 1. HP: 15/15 MP: 1/1
    31 | D:2      | Reached XP level 2. HP: 20/20 MP: 2/2
   175 | D:1      | Reached XP level 3. HP: 10/26 MP: 3/3
   793 | D:1      | Reached ** piety under Trog
   821 | D:1      | Reached skill level 4 in Long Blades
   983 | D:1      | Reached XP level 4. HP: 29/31 MP: 4/4
  1754 | D:2      | Reached XP level 5. HP: 8/36 MP: 5/5
  1754 | D:2      | Slain by a gnoll

Vault maps used:
D:1:      dpeg_arrival_line_fractal
D:2:      minmay_wonky_spiral

Skill      XL: |  1  2  3 |
---------------+----------+-----
Fighting       | 3 |  3.1
Long Blades    | 4 |  4.5
Armour         | |  2.6
Dodging        | |  2.9

Action                   |  1- 3 |  4- 6 || total
-------------------------+-------+-------++-------
Melee: Falchion          |    71 |    88 ||   159
Invok: Berserk           |     2 |     1 ||     3
 Stab: Distracted        |     1 |       ||     1
       Sleeping          |       |     1 ||     1
  Eat: Chunk             |     2 |     3 ||     5
Armor: Animal skin       |    12 |     8 ||    20
Dodge: Dodged            |    46 |    48 ||    94
